AoeStats
← So sad

MegaRandom

510377756Analyzed
3v3 RM · 5h ago on Sep 30, 2026· 70m 35s· 6 players
Game mode
Random Map
Map size
Normal (6 player)
Population
200
Speed
Normal
Resources
Standard
Victory
Conquest
Starting age
Dark Age
Ending age
Imperial Age
RankedLock teamsTeams togetherTeam positionsShared explorationLock speedFull tech treeHidden civsTurbo modeCheats
Victory
Defeat
🇩🇪 Varangians · Germany
1441
+12
1441
+12
🇬🇧 Magyars · United Kingdom
1395
+15
🇺🇦 Bengalis · Ukraine
1360
-13
🇧🇾 Maya · Belarus
1359
-13
🇧🇾 Tatars · Belarus
1347
-13
God Of The Sea People
6:08 Loom
9:41 Feudal Age
15:24 Fletching
16:40 Horse Collar
20:16 Wheelbarrow
25:18 Castle Age
24:17 Double-Bit Axe
26:11 Heavy Plow
27:08 Bodkin Arrow
29:46 Bow Saw
31:53 Padded Archer Armor
33:53 Bloodlines
33:50 Husbandry
35:51 Hand Cart
37:16 Leather Archer Armor
41:03 Ballistics
42:55 Thumb Ring
48:05 Imperial Age
54:45 Recurve Bow
58:31 Two-Man Saw
58:06 Crop Rotation
57:10 Elite Skirmisher
59:29 Bracer
62:19 Chemistry
64:21 Ring Archer Armor
64:47 Parthian Tactics
65:17 Caravan
66:34 Heavy Cavalry Archer
67:26 Scale Barding Armor
Rusted From The Rain
10:19 Feudal Age
8:56 Loom
13:18 Fletching
17:06 Castle Age
16:06 Horse Collar
18:37 Scale Mail Armor
19:37 Gambesons
23:00 Fletching
23:08 Arson
25:04 Squires
25:22 Chain Mail Armor
24:30 Elite Skirmisher
26:20 Bodkin Arrow
27:31 Forging
40:47 Imperial Age
38:53 Wheelbarrow
38:03 Town Watch
38:55 Iron Casting
39:33 Heavy Plow
39:19 Double-Bit Axe
39:25 Gold Mining
39:27 Stone Mining
41:04 Elite Varangian Guard
42:48 Blast Furnace
42:19 Plate Mail Armor
42:04 Capped Ram
44:04 Siege Ram
46:16 Onager
51:03 Siege Engineers
52:01 Chemistry
51:22 Ballistics
51:12 Fortified Wall
51:04 Bracer
52:32 Caravan
54:08 Guilds
54:28 Coinage
55:54 Padded Archer Armor
56:31 Gothikon
57:32 Conscription
57:35 Leather Archer Armor
58:33 Treadmill Crane
59:04 Masonry
60:05 Ring Archer Armor
60:18 Elite Jarl
61:18 Scale Barding Armor
62:19 Banking
62:09 Husbandry
62:34 Chain Barding Armor
62:26 Bloodlines
63:58 Plate Barding Armor
64:15 Bow Saw
64:37 Crop Rotation
64:43 Stone Shaft Mining
65:09 Architecture
64:35 Murder Holes
Hoya Lacunosa Amarillo
6:56 Loom
8:01 Loom
9:58 Feudal Age
8:33 Loom
10:19 Feudal Age
12:06 Double-Bit Axe
12:06 Horse Collar
14:54 Castle Age
15:25 Scale Barding Armor
16:04 Forging
18:02 Bloodlines
20:32 Wheelbarrow
24:33 Chain Barding Armor
25:09 Husbandry
28:21 Heavy Plow
32:24 Hand Cart
32:44 Gold Mining
35:10 Iron Casting
39:32 Imperial Age
36:48 Town Watch
38:31 Fletching
40:00 Devotion
40:47 Plate Barding Armor
39:35 Cavalier
41:15 Caravan
41:26 Guilds
41:47 Coinage
40:58 Paladin
41:00 Light Cavalry
43:11 Conscription
42:54 Hill Forts
43:31 Hoardings
43:30 Stone Mining
44:09 Winged Hussar
45:40 Bow Saw
55:32 Banking
59:43 Crop Rotation
59:52 Stone Shaft Mining
60:19 Two-Man Saw
61:50 Chemistry
61:02 Masonry
61:12 Ballistics
60:33 Treadmill Crane
60:49 Murder Holes
60:51 Bodkin Arrow
64:06 Elite Leitis
67:29 Architecture
HURMA
0:30 Loom
10:41 Feudal Age
14:41 Castle Age
13:00 Fletching
13:31 Horse Collar
14:35 Padded Archer Armor
15:20 Double-Bit Axe
18:50 Town Watch
20:29 Crossbowman
22:12 Ballistics
21:50 Bodkin Arrow
24:42 Wheelbarrow
24:50 Leather Archer Armor
28:07 Bow Saw
28:23 Thumb Ring
29:31 Hand Cart
36:08 Scale Mail Armor
36:51 Heavy Plow
39:28 Imperial Age
37:19 Chain Mail Armor
37:14 Forging
39:49 Iron Casting
39:43 Stone Mining
39:47 Gold Mining
39:33 Arbalester
40:15 Bracer
41:18 Chemistry
41:33 Ring Archer Armor
42:28 Guilds
44:25 Two-Man Saw
44:11 Crop Rotation
45:04 Coinage
44:34 Caravan
44:43 Squires
44:30 Arson
44:07 Eagle Warrior
45:58 Stone Shaft Mining
47:46 Banking
49:08 Conscription
49:25 Hoardings
48:52 Hul'che Javelineers
49:23 Holcans
48:25 Sappers
50:00 Blast Furnace
49:31 Plate Mail Armor
49:20 Elite Eagle Warrior
52:40 Pikeman
52:41 Man-at-Arms
55:42 Halberdier
55:43 Long Swordsman
57:04 Treadmill Crane
57:34 Masonry
59:54 Murder Holes
60:29 Architecture
63:31 Two-Handed Swordsman
NiL
7:52 Loom
9:38 Feudal Age
17:10 Fletching
19:26 Castle Age
19:29 Padded Archer Armor
19:24 Horse Collar
21:20 Double-Bit Axe
25:04 Wheelbarrow
24:14 Town Watch
25:41 Bodkin Arrow
27:24 Hand Cart
32:02 Imperial Age
30:47 Leather Archer Armor
32:43 Ballistics
32:35 Elite Elephant Archer
33:36 Conscription
35:40 Chemistry
34:58 Bracer
36:16 Ring Archer Armor
37:32 Paiks
37:46 Stone Mining
37:47 Gold Mining
42:58 Murder Holes
43:14 Masonry
49:51 Scale Mail Armor
50:02 Forging
50:19 Squires
51:26 Pikeman
52:39 Chain Mail Armor
55:52 Gambesons
57:14 Halberdier
60:53 Iron Casting
61:19 Caravan
64:38 Elite Skirmisher
70:39 Mahayana
So sad
10:22 Feudal Age
9:11 Loom
14:27 Fletching
21:23 Castle Age
20:30 Double-Bit Axe
20:57 Stone Mining
21:14 Town Watch
21:19 Horse Collar
22:55 Padded Archer Armor
23:06 Crossbowman
25:03 Leather Archer Armor
25:32 Elite Skirmisher
31:23 Silk Armor
32:35 Scale Barding Armor
36:45 Bodkin Arrow
39:17 Wheelbarrow
40:50 Fortified Wall
43:31 Masonry
44:31 Heavy Plow
46:05 Murder Holes
49:23 Imperial Age
49:57 Hand Cart
50:32 Conscription
51:55 Bloodlines
51:45 Husbandry
53:41 Light Cavalry
56:13 Bow Saw
55:51 Hussar
Connection lost

Rejoining the realm…

Still unreachable

The connection could not be restored.

Session expired

The server has moved on; the page needs a fresh start.